MLB
ST. LOUIS CARDINALS @ CHICAGO CUBS
07/04/2098
 
TOP OF THE 1ST
St. Louis Cardinals batting - Pitching for Chicago Cubs : RHP Angel Alvarez
Pitching: RHP Angel Alvarez
Batting: LHB Brett Rinehart 0-0: Ball
1-0: Ball
2-0: Fly out, F8 (Flyball, 89M, EV 91.3 MPH)
Batting: RHB Butch Arnett 0-0: Ball
1-0: Swinging Strike
1-1: Called Strike
1-2: Foul Ball, location: 2F
1-2: Ball
2-2: Ball
3-2: Strikes out swinging
Batting: SHB Bryan Smolka 0-0: Ball
1-0: Ball
2-0: Foul Ball, location: 7LSF
2-1: SINGLE (Flyball, 6D, EV 87.5 MPH)
Batting: RHB Ryan Collier 0-0: Foul Ball, location: 9LSF
0-1: Ball
1-1: Swinging Strike
1-2: Ball
2-2: Strikes out swinging
Top of the 1st over - 0 runs, 1 hit, 0 errors, 1 left on base; St. Louis 0 - Chicago 0
BOTTOM OF THE 1ST
Chicago Cubs batting - Pitching for St. Louis Cardinals : LHP David Avery
Pitching: LHP David Avery
Batting: RHB Armando Valenzuela 0-0: Foul Ball, location: 25F
0-1: Ball
1-1: Foul Ball, location: 2F
1-2: Ground out 2-3 (Groundball, 15S, EV 68.1 MPH)
Batting: RHB Kevin Luzzo 0-0: Called Strike
0-1: Ball
1-1: Ball
2-1: Foul Ball, location: 5DF
2-2: SINGLE (Groundball, 4MD, EV 99.4 MPH)
Batting: LHB Elijah Fairchild 0-0: Ball
1-0: Ball
2-0: Ball
3-0: Called Strike
3-1: Base on Balls
Kevin Luzzo to second
Batting: RHB Jaylin Tillman 0-0: Ball
1-0: Swinging Strike
1-1: Ball
2-1: Foul Ball, location: 23F
2-2: Fly out, F8 (Flyball, 8LS, EV 91.9 MPH)
Batting: RHB Amir Shaw 0-0: Called Strike
0-1: Foul Ball, location: 9LSF
0-2: Ball
1-2: Fielders Choice at 2nd, 6-4 (Groundball, 6, EV 103.1 MPH)
Bottom of the 1st over - 0 runs, 1 hit, 0 errors, 2 left on base; St. Louis 0 - Chicago 0
TOP OF THE 2ND
St. Louis Cardinals batting - Pitching for Chicago Cubs : RHP Angel Alvarez
Batting: LHB Jose Nieto 0-0: Called Strike
0-1: DOUBLE (Groundball, 3D, EV 102.5 MPH) - OUT at third base trying to stretch hit.
Batting: RHB Jesus Guzman 0-0: Ball
1-0: Ball
2-0: Swinging Strike
2-1: Ground out 6-3 (Groundball, 6, EV 84.4 MPH)
Batting: RHB Jayden Whaley 0-0: Ball
1-0: Ball
2-0: Ground out 6-3 (Groundball, 56, EV 100.6 MPH)
Top of the 2nd over - 0 runs, 1 hit, 0 errors, 0 left on base; St. Louis 0 - Chicago 0
BOTTOM OF THE 2ND
Chicago Cubs batting - Pitching for St. Louis Cardinals : LHP David Avery
Batting: RHB Yoelbi Eugnio 0-0: SINGLE (Flyball, 7S, EV 95.6 MPH)
Batting: RHB Dave Conley 0-0: Ball
1-0: Called Strike
1-1: Ball
2-1: Ball
3-1: Base on Balls
Yoelbi Eugnio to second
Batting: LHB Brent Griffin 0-0: Called Strike
0-1: Ball
1-1: Foul Ball, location: 5F
1-2: Strikes out swinging
Batting: RHB Nick Love 0-0: Fielders Choice at 2nd, 5-4 (Groundball, 56, EV 87.5 MPH)
Yoelbi Eugnio to third
Batting: RHB Armando Valenzuela 0-0: Called Strike
0-1: Called Strike
0-2: Strikes out looking
Bottom of the 2nd over - 0 runs, 1 hit, 0 errors, 2 left on base; St. Louis 0 - Chicago 0
TOP OF THE 3RD
St. Louis Cardinals batting - Pitching for Chicago Cubs : RHP Angel Alvarez
Batting: RHB Brodie Herian 0-0: Called Strike
0-1: Foul Ball, location: 2F
0-2: Ball
1-2: Strikes out swinging
Batting: RHB Mat Bushey 0-0: Ball
1-0: Ball
2-0: Foul Ball, location: 2F
2-1: Called Strike
2-2: Strikes out swinging
Batting: LHB Brett Rinehart 0-0: Fly out, F7 (Line Drive, 7, EV 103.1 MPH)
Top of the 3rd over - 0 runs, 0 hits, 0 errors, 0 left on base; St. Louis 0 - Chicago 0
BOTTOM OF THE 3RD
Chicago Cubs batting - Pitching for St. Louis Cardinals : LHP David Avery
Batting: RHB Kevin Luzzo 0-0: SINGLE (Line Drive, 6D, EV 107.5 MPH)
Batting: LHB Elijah Fairchild 0-0: Hit by Pitch
Kevin Luzzo to second
Batting: RHB Jaylin Tillman 0-0: Ball
1-0: Ball
2-0: Ball
3-0: Called Strike
3-1: Grounds into double play, 6-4-3 (Groundball, 6M, EV 81.9 MPH)
Kevin Luzzo to third
Batting: RHB Amir Shaw 0-0: Fly out, F8 (Flyball, 8LD, EV 104.4 MPH)
Bottom of the 3rd over - 0 runs, 1 hit, 0 errors, 1 left on base; St. Louis 0 - Chicago 0
TOP OF THE 4TH
St. Louis Cardinals batting - Pitching for Chicago Cubs : RHP Angel Alvarez
Batting: RHB Butch Arnett 0-0: Swinging Strike
0-1: Foul Ball, location: 9LSF
0-2: Foul Ball, location: 2F
0-2: Foul Ball, location: 9LDF
0-2: Ball
1-2: SINGLE (Groundball, 4MD, EV 108.8 MPH)
Batting: SHB Bryan Smolka 0-0: Foul Ball, location: 7LMF
0-1: Ball
1-1: Ball
2-1: 2-RUN HOME RUN (Flyball, 9D, EV 104.4 MPH), Distance : 387 ft
Batting: RHB Ryan Collier 0-0: Foul Ball, location: 2F
0-1: Foul Ball, location: 2LF
0-2: Ground out U3 (Groundball, 3, EV 91.3 MPH)
Batting: LHB Jose Nieto 0-0: Ball
1-0: Swinging Strike
1-1: Swinging Strike
1-2: Hit by Pitch
Batting: RHB Jesus Guzman 0-0: Swinging Strike
0-1: Ball
1-1: Swinging Strike
1-2: Strikes out swinging
Batting: RHB Jayden Whaley 0-0: Fly out, F7 (Flyball, 7LM, EV 95.0 MPH)
Top of the 4th over - 2 runs, 2 hits, 0 errors, 1 left on base; St. Louis 2 - Chicago 0
BOTTOM OF THE 4TH
Chicago Cubs batting - Pitching for St. Louis Cardinals : LHP David Avery
Batting: RHB Yoelbi Eugnio 0-0: Called Strike
0-1: Ball
1-1: Foul Ball, location: 9LSF
1-2: Ball
2-2: Ball
3-2: Foul Ball, location: 2F
3-2: Base on Balls
Batting: RHB Dave Conley 0-0: Ball
1-0: Ball
2-0: Grounds into double play, 4-6-3 (Groundball, 4, EV 90.0 MPH)
Batting: LHB Brent Griffin 0-0: Called Strike
0-1: Called Strike
0-2: Strikes out swinging
Bottom of the 4th over - 0 runs, 0 hits, 0 errors, 0 left on base; St. Louis 2 - Chicago 0
TOP OF THE 5TH
St. Louis Cardinals batting - Pitching for Chicago Cubs : RHP Angel Alvarez
Batting: RHB Brodie Herian 0-0: Ball
1-0: Called Strike
1-1: Swinging Strike
1-2: Strikes out swinging
Batting: RHB Mat Bushey 0-0: Ball
1-0: Ball
2-0: SINGLE (Groundball, 4MD, EV 102.5 MPH)
Batting: LHB Brett Rinehart 0-0: Ball
1-0: Ball
2-0: Called Strike
2-1: Fielders Choice at 2nd, 6-4 (Groundball, 6MS, EV 80.0 MPH)
Batting: RHB Butch Arnett 0-0: Ball
1-0: Ground out 5-3 (Groundball, 56S, EV 90.6 MPH)
Top of the 5th over - 0 runs, 1 hit, 0 errors, 1 left on base; St. Louis 2 - Chicago 0
BOTTOM OF THE 5TH
Chicago Cubs batting - Pitching for St. Louis Cardinals : LHP David Avery
Batting: RHB Nick Love 0-0: Called Strike
0-1: Swinging Strike
0-2: Strikes out swinging
Batting: RHB Armando Valenzuela 0-0: Ball
1-0: Ground out 6-3 (Groundball, 56, EV 103.8 MPH)
Batting: RHB Kevin Luzzo 0-0: Ball
1-0: Foul Ball, location: 9LDF
1-1: Foul Ball, location: 25F
1-2: Foul Ball, location: 3F
1-2: Ball
2-2: Foul Ball, location: 2F
2-2: SINGLE (Groundball, 4MD, EV 98.1 MPH)
Batting: LHB Elijah Fairchild 0-0: Ball
1-0: Called Strike
1-1: DOUBLE (Line Drive, 89M, EV 95.0 MPH)
Kevin Luzzo to third
Batting: RHB Jaylin Tillman 0-0: Called Strike
0-1: Ball
1-1: Foul Ball, location: 23FF
1-2: Ball
2-2: Fly out, F8 (Flyball, 8LXD, EV 78.8 MPH)
Bottom of the 5th over - 0 runs, 2 hits, 0 errors, 2 left on base; St. Louis 2 - Chicago 0
TOP OF THE 6TH
St. Louis Cardinals batting - Pitching for Chicago Cubs : RHP Angel Alvarez
Batting: SHB Bryan Smolka 0-0: Foul Ball, location: 25F
0-1: Ground out 4-3 (Groundball, 4, EV 85.6 MPH)
Batting: RHB Ryan Collier 0-0: SOLO HOME RUN (Flyball, 89XD, EV 97.5 MPH), Distance : 397 ft
Batting: LHB Jose Nieto 0-0: Ball
1-0: Called Strike
1-1: Swinging Strike
1-2: Strikes out swinging
Batting: RHB Jesus Guzman 0-0: Called Strike
0-1: Swinging Strike
0-2: Ball
1-2: Ball
2-2: Strikes out swinging
Top of the 6th over - 1 run, 1 hit, 0 errors, 0 left on base; St. Louis 3 - Chicago 0
BOTTOM OF THE 6TH
Chicago Cubs batting - Pitching for St. Louis Cardinals : LHP David Avery
Batting: RHB Amir Shaw 0-0: Ground out 5-3 (Groundball, 5, EV 86.3 MPH)
Batting: RHB Yoelbi Eugnio 0-0: Fly out, F8 (Flyball, 78S, EV 71.9 MPH)
Batting: RHB Dave Conley 0-0: Called Strike
0-1: Foul Ball, location: 7LSFF
0-2: Ball
1-2: SINGLE (Groundball, 6MD, EV 100.0 MPH)
Batting: LHB Brent Griffin 0-0: SINGLE (Groundball, 25, EV 74.4 MPH) (infield hit)
Dave Conley to second
Batting: RHB Nick Love 0-0: Foul Ball, location: 2F
0-1: SINGLE (Line Drive, 56D, EV 98.1 MPH)
Dave Conley to third
Brent Griffin to second
Runner from 3rd tries for Home, SAFE, throw by LF to home
Batting: RHB Armando Valenzuela 0-0: Ball
1-0: Ball
2-0: Called Strike
2-1: Ball
3-1: Base on Balls
Brent Griffin to third
Nick Love to second
Batting: RHB Kevin Luzzo 0-0: SINGLE (Groundball, 6S, EV 65.6 MPH) (infield hit)
Brent Griffin scores
Nick Love to third
Armando Valenzuela to second
Batting: LHB Elijah Fairchild 0-0: Ball
1-0: Swinging Strike
1-1: Ground out 1-3 (Groundball, 15S, EV 69.4 MPH)
Bottom of the 6th over - 2 runs, 4 hits, 0 errors, 3 left on base; St. Louis 3 - Chicago 2
TOP OF THE 7TH
St. Louis Cardinals batting - Pitching for Chicago Cubs : RHP Angel Alvarez
Batting: RHB Jayden Whaley 0-0: Ball
1-0: Foul Ball, location: 2LF
1-1: Ball
2-1: Swinging Strike
2-2: Ball
3-2: SINGLE (Line Drive, 7S, EV 98.1 MPH)
Batting: RHB Brodie Herian 0-0: Ball
1-0: Ball
2-0: Ball
3-0: Called Strike
3-1: SINGLE (Groundball, 6MD, EV 103.1 MPH)
Jayden Whaley to second
Batting: RHB Mat Bushey 0-0: Ball
1-0: Swinging Strike
1-1: Foul Ball, location: 9LMF
1-2: Ball
2-2: Strikes out swinging
Batting: LHB Brett Rinehart 0-0: SINGLE (Groundball, P, EV 88.1 MPH) (infield hit)
Jayden Whaley to third
Brodie Herian to second
Pitching: RHP Josh Ruhe
Batting: RHB Butch Arnett 0-0: Ball
1-0: Called Strike
1-1: Called Strike
1-2: Foul Ball, location: 2F
1-2: Ball
2-2: Foul Ball, location: 9LSF
2-2: Grounds into fielders choice 6-2 (Groundball, 56, EV 84.4 MPH)
Brodie Herian to third
Brett Rinehart to second
Batting: SHB Bryan Smolka 0-0: Called Strike
0-1: Fielders Choice at 2nd, 6-4 (Groundball, 6, EV 82.5 MPH)
Top of the 7th over - 0 runs, 3 hits, 0 errors, 3 left on base; St. Louis 3 - Chicago 2
BOTTOM OF THE 7TH
Chicago Cubs batting - Pitching for St. Louis Cardinals : LHP David Avery
Now at 1B: Bryan Smolka
Now in LF: Jimmy Goldberg
Now in RF: Brett Rinehart
Batting: RHB Jaylin Tillman 0-0: Called Strike
0-1: Ball
1-1: Fly out, F5 (Popup, 15, EV 83.8 MPH)
Batting: RHB Amir Shaw 0-0: Called Strike
0-1: Foul Ball, location: 2RF
0-2: Strikes out looking
Batting: RHB Yoelbi Eugnio 0-0: Called Strike
0-1: Swinging Strike
0-2: Foul Ball, location: 9LDF
0-2: Ball
1-2: Foul Ball, location: 9LSF
1-2: Ball
2-2: Foul Ball, location: 2RF
2-2: Foul Ball, location: 3F
2-2: Reached on error, E5 (Groundball, 56, EV 91.9 MPH)
Pitching: RHP Daniel Beaudry
Pinch Hitting: LHB Esteban Castro 0-0: Called Strike
Yoelbi Eugnio steals 2nd base
0-1: Ball
1-1: SINGLE (Groundball, 4MD, EV 106.3 MPH)
Yoelbi Eugnio to third
Runner from 3rd tries for Home, SAFE, throw by CF to home
Batting: LHB Brent Griffin 0-0: Called Strike
0-1: Ball
1-1: Ball
2-1: Ball
3-1: Called Strike
3-2: Base on Balls
Esteban Castro to second
Batting: RHB Nick Love 0-0: Ground out 5-3 (Groundball, 5S, EV 68.8 MPH)
Bottom of the 7th over - 1 run, 1 hit, 1 error, 2 left on base; St. Louis 3 - Chicago 3
TOP OF THE 8TH
St. Louis Cardinals batting - Pitching for Chicago Cubs : RHP Josh Ruhe
Pitching: LHP Tim Linden
Now at 2B: Kyle Dellinger
Pinch Hitting: RHB Gabe Vega 0-0: Ball
1-0: Called Strike
1-1: Ball
2-1: Swinging Strike
2-2: Strikes out looking
Batting: RHB Jeff Saxton 0-0: Called Strike
0-1: Ground out U3 (Groundball, 34, EV 81.9 MPH)
Batting: RHB Jesus Guzman 0-0: SINGLE (Groundball, 6MD, EV 101.3 MPH)
Batting: RHB Jayden Whaley 0-0: 2-RUN HOME RUN (Flyball, 9D, EV 93.8 MPH), Distance : 377 ft
Batting: RHB Brodie Herian 0-0: Swinging Strike
0-1: Called Strike
0-2: Ball
1-2: Foul Ball, location: 2F
1-2: Ball
2-2: Foul Ball, location: 2F
2-2: Foul Ball, location: 5FF
2-2: Fly out, F3 (Popup, 3F, EV 75.0 MPH)
Top of the 8th over - 2 runs, 2 hits, 0 errors, 0 left on base; St. Louis 5 - Chicago 3
BOTTOM OF THE 8TH
Chicago Cubs batting - Pitching for St. Louis Cardinals : RHP Daniel Beaudry
Now in LF: David Martinez
Batting: RHB Armando Valenzuela 0-0: Ball
1-0: Fly out, F8 (Line Drive, 8RS, EV 96.3 MPH)
Batting: RHB Kevin Luzzo 0-0: Foul Ball, location: 2F
0-1: Ball
1-1: Ball
2-1: Fly out, F6 (Line Drive, 56, EV 65.0 MPH)
Batting: LHB Elijah Fairchild 0-0: Ball
1-0: Ball
2-0: Called Strike
2-1: SINGLE (Flyball, 5D, EV 87.5 MPH)
Batting: RHB Jaylin Tillman 0-0: Ball
1-0: Ball
2-0: Ball
3-0: Called Strike
3-1: Swinging Strike
3-2: Ground out 5-3 (Groundball, 5S, EV 65.0 MPH)
Bottom of the 8th over - 0 runs, 1 hit, 0 errors, 1 left on base; St. Louis 5 - Chicago 3
TOP OF THE 9TH
St. Louis Cardinals batting - Pitching for Chicago Cubs : LHP Tim Linden
Batting: RHB Mat Bushey 0-0: Called Strike
0-1: Fly out, F4 (Popup, 34D, EV 70.6 MPH)
Batting: LHB Brett Rinehart 0-0: Ball
1-0: Foul Ball, location: 9LDF
1-1: Ball
2-1: Ground out 4-3 (Groundball, 4, EV 102.5 MPH)
Batting: RHB Butch Arnett 0-0: Foul Ball, location: 3SF
0-1: Ball
1-1: Foul Ball, location: 2F
1-2: Foul Ball, location: 9LDF
1-2: Foul Ball, location: 9LDF
1-2: Ball
2-2: Ball
3-2: Strikes out swinging
Top of the 9th over - 0 runs, 0 hits, 0 errors, 0 left on base; St. Louis 5 - Chicago 3
BOTTOM OF THE 9TH
Chicago Cubs batting - Pitching for St. Louis Cardinals : RHP Daniel Beaudry
Pitching: LHP Andres Martines
Batting: RHB Amir Shaw 0-0: Ball
1-0: Ball
2-0: Ball
3-0: Called Strike
3-1: Base on Balls
Batting: RHB Yoelbi Eugnio 0-0: Ball
1-0: Ball
2-0: Ball
3-0: Called Strike
3-1: Swinging Strike
3-2: Foul Ball, location: 9LDF
3-2: SINGLE (Line Drive, 7S, EV 90.0 MPH)
Amir Shaw to second
Batting: RHB Kyle Dellinger 0-0: Ball
1-0: Called Strike
1-1: Foul Ball, location: 2F
1-2: Strikes out swinging
Pinch Hitting: RHB Devin Williams 0-0: Swinging Strike
0-1: Ball
1-1: Swinging Strike
1-2: Strikes out swinging
Batting: RHB Nick Love 0-0: Fly out, F3 (Popup, 3F, EV 60.0 MPH)
Bottom of the 9th over - 0 runs, 1 hit, 0 errors, 2 left on base; St. Louis 5 - Chicago 3
Monday, April 8th , 2024 - OOTP Baseball 24.11 Build 85